AoeStats
← Celinha

Black Forest

508778610Analyzed
3v3 RM · 8d ago on Sep 24, 2026· 44m 13s· 6 players
Game mode
Random Map
Map size
Normal (6 player)
Population
200
Speed
Normal
Resources
Standard
Victory
Conquest
Starting age
Dark Age
Ending age
Imperial Age
RankedLock teamsTeams togetherTeam positionsShared explorationLock speedFull tech treeHidden civsTurbo modeCheats
Victory
Defeat
🇦🇷 Varangians · Argentina
737
+17
🇦🇷 Sicilians · Argentina
718
+17
🇦🇷 Franks · Argentina
689
+19
🇧🇷 Turks · Brazil
843
-22
🇧🇷 Franks · Brazil
791
-29
🇺🇸 Aztecs · United States
609
-12
wallaceAoE
0:40 Loom
35:27 Feudal Age
44:00 Castle Age
tobecrying
8:34 Loom
11:36 Feudal Age
12:20 Man-at-Arms
12:54 Double-Bit Axe
16:55 Town Watch
17:56 Scale Mail Armor
17:57 Horse Collar
19:10 Fletching
19:42 Gold Mining
23:39 Wheelbarrow
24:11 Padded Archer Armor
27:02 Castle Age
26:39 Scale Barding Armor
26:59 Bloodlines
27:47 Stone Mining
28:49 Bodkin Arrow
29:15 Chain Barding Armor
29:11 Chain Mail Armor
29:14 Bow Saw
29:28 Gambesons
29:04 Long Swordsman
30:35 Heavy Plow
33:25 Hand Cart
33:10 Town Patrol
35:42 Vendel Legacy
38:59 Leather Archer Armor
38:54 Forging
40:41 Stone Shaft Mining
45:25 Imperial Age
gonzalez.anibal.javier
0:34 Loom
13:20 Feudal Age
15:29 Wheelbarrow
17:10 Man-at-Arms
23:38 Scale Barding Armor
23:34 Scale Mail Armor
23:48 Forging
26:38 Castle Age
27:38 Hand Cart
28:04 Iron Casting
28:41 Hand Cart
28:16 Double-Bit Axe
29:25 Town Watch
29:47 Husbandry
44:20 Imperial Age
44:14 Caravan
Cuauhocelotl831
1:26 Loom
14:01 Feudal Age
19:30 Wheelbarrow
29:38 Double-Bit Axe
34:26 Castle Age
34:04 Stone Mining
35:56 Bow Saw
36:51 Stone Shaft Mining
36:29 Fortified Wall
37:38 Gold Mining
38:13 Hand Cart
filho.do.fgc
0:47 Loom
15:30 Feudal Age
Celinha
0:58 Loom
19:51 Feudal Age
26:36 Castle Age
33:04 Double-Bit Axe
36:56 Bow Saw
43:49 Scale Barding Armor
Connection lost

Rejoining the realm…

Still unreachable

The connection could not be restored.

Session expired

The server has moved on; the page needs a fresh start.